Map: Triton LE

Players

Adi - Winner!

  • Race: Protoss Protoss
  • League: Diamond
  • Spawn Location: 11:00

Mez

  • Race: Terran Terran
  • League: Master
  • Spawn Location: 5:00

VOD

Have the link to the VOD?

Description

Time

  • Played on: Sept. 3, 2019, 1:35 a.m.
  • Length: 13:51
Show
View Real Time Build Order
Export as new Build Order

Adi Protoss - Winner!

Build Orders: 1 Gate Expand, Blink Stalkers, Colossus Rush 

Get SALT Encoding   

  12  0:00  Probe  
  13  0:12  Probe  
  14  0:17  Pylon  
  14  0:23  Probe  
  15  0:31  Probe  
  16  0:39  Probe  
  16  0:40  Gateway  
  16  0:47  Assimilator  
  17  0:51  Probe  
  18  1:03  Probe  
  19  1:15  Probe  
  20  1:28  Cybernetics Core  
  20  1:35  Nexus  
  20  1:37  Probe  
  21  1:43  Assimilator  
  21  1:50  Pylon  
  21  1:53  Probe  
  22  1:58  Adept  
  22  2:03  Warp Gate  
  22  2:07  Probe  
  24  2:15  Probe  
  26  2:28  Stalker  
  28  2:40  Twilight Council  
  28  2:42  Gateway  
  28  2:49  Gateway  
  28  2:51  Probe  
  28  2:53  Probe  
  28  2:58  Blink  
  30  2:59  Probe  
  30  3:05  Probe  
  32  3:09  Probe  
  33  3:17  Probe  
  34  3:21  Probe  
  34  3:26  Assimilator  
  33  3:29  Probe  
  33  3:30  Pylon  
  33  3:33  Probe  
  35  3:41  Probe  
  35  3:45  Probe  
  35  3:46  Robotics Facility  
  37  3:52  Stalker  
  37  3:53  Probe  
  37  3:54  Stalker  
  42  3:59  Stalker  
  44  4:05  Probe  
  44  4:07  Probe  
  44  4:08  Pylon  
  46  4:15  Sentry  
  48  4:17  Probe  
  48  4:19  Stalker  
  48  4:20  Probe  
  48  4:23  Stalker  
  54  4:29  Probe  
  55  4:33  Observer  
  55  4:38  Robotics Bay  
  56  4:39  Forge  
  56  4:41  Pylon  
  56  4:50  Probe x2  
  58  4:54  Protoss Ground Armor Level 1  
  58  4:57  Charge  
  58  4:58  Observer  
  59  5:02  Probe  
  59  5:03  Probe  
  61  5:08  Stalker  
  61  5:11  Stalker  
  65  5:16  Assimilator  
  65  5:27  Nexus  
  65  5:28  Pylon  
  65  5:41  Colossus  
  64  5:47  Zealot x2  
  64  5:48  Zealot  
  64  5:49  Probe  
  77  5:53  Pylon  
  77  5:59  Extended Thermal Lance  
  77  6:05  Gateway  
  77  6:06  Gateway  
  77  6:07  Gateway  
  77  6:12  Pylon  
  75  6:28  Warp Prism  
  75  6:35  Stalker  
  75  6:36  Stalker x2  
  83  6:46  Colossus  
  82  6:48  Probe  
  82  6:50  Templar Archives  
  82  6:51  Probe x2  
  82  6:52  Pylon  
  85  6:56  Probe  
  85  6:58  Protoss Ground Weapons Level 1  
  86  7:03  Probe  
  86  7:04  Probe  
  86  7:06  Probe  
  95  7:13  Sentry  
  97  7:15  Probe  
  97  7:18  Sentry  
  97  7:19  Zealot x4  
  108  7:28  Probe x3  
  111  7:33  Assimilator  
  111  7:35  Pylon  
  111  7:38  Assimilator  
  111  7:40  Probe x3  
  111  7:41  Pylon  
  114  7:49  Pylon  
  114  7:51  Psionic Storm, Pylon  
  114  7:58  Probe x3  
  117  8:10  Probe  
  114  8:13  Stalker x2  
  114  8:14  Zealot  
  108  8:30  Probe x3  
  101  8:41  Stalker  
  101  8:42  Probe, Stalker x5  
  101  8:45  Colossus  
  116  8:51  Gateway  
  116  8:54  Gateway, Robotics Facility  
  114  8:57  Protoss Ground Weapons Level 2  
  114  8:58  Gateway  
  114  9:04  Pylon  
  114  9:05  Pylon, High Templar x4  
  122  9:22  Nexus  
  122  9:25  Assimilator  
  122  9:27  Assimilator  
  122  9:29  Pylon  
  122  9:30  Pylon, Zealot x2  
  126  9:33  Pylon  
  126  9:38  Zealot x4  
  134  9:52  Colossus  
  134  10:02  Probe x2  
  142  10:11  High Templar  
  142  10:12  High Templar x3, Stalker  
  142  10:13  Stalker x2  
  142  10:14  Zealot x2  
  150  10:25  Pylon  
  150  10:28  Pylon  
  150  10:35  High Templar x2  
  154  10:36  Warp Prism  
  154  10:37  Stalker  
  154  10:38  Stalker  
  154  10:39  Zealot  
  154  10:41  Archon  
  162  10:51  Dark Shrine  
  162  10:54  Gateway  
  162  10:55  Gateway  
  162  10:57  Gateway, High Templar x2  
  162  10:58  Zealot  
  162  10:59  Zealot  
  162  11:00  Gateway  
  162  11:01  Archon  
  162  11:02  Pylon, Stalker  
  162  11:03  Pylon  
  172  11:05  Stalker  
  174  11:11  Probe x4  
  174  11:17  Pylon  
  178  11:23  Zealot x2, Probe x2  
  178  11:24  Zealot x2  
  188  11:25  Zealot  
  188  11:29  Zealot  
  188  11:30  Zealot  
  194  11:33  Zealot  
  194  11:36  Photon Cannon  
  194  11:49  Colossus  
  140  12:09  Zealot x4  
  140  12:10  Zealot, Dark Templar x4  
  140  12:11  Dark Templar x2  
  152  12:18  Colossus  
  128  12:32  Probe  
  128  12:33  High Templar x2, Stalker x2  
  128  12:34  High Templar  
  139  12:40  Probe  
  132  12:49  Probe  
  115  13:02  Probe, Stalker  
  115  13:03  Stalker x6  
  115  13:04  Stalker x3  
  132  13:06  High Templar x2  
  132  13:07  Zealot  
  132  13:10  Archon  
  138  13:24  Robotics Facility  
  138  13:26  Robotics Facility  
  138  13:29  Robotics Facility  
  138  13:32  Pylon  
  138  13:36  Photon Cannon  
  138  13:40  Pylon  
Show
View Real Time Build Order
Export as new Build Order

Mez Terran 

Build Orders: Reaper Expand 

Get SALT Encoding   

  12  0:00  SCV  
  13  0:13  SCV  
  14  0:17  Supply Depot  
  14  0:25  SCV  
  15  0:39  Barracks, SCV  
  16  0:45  Refinery  
  16  0:51  SCV  
  17  1:03  SCV  
  18  1:15  SCV  
  19  1:27  Orbital Command  
  19  1:29  Reaper  
  20  1:40  Command Center  
  20  1:46  Bunker  
  21  1:54  SCV  
  21  2:02  Marine  
  21  2:04  Supply Depot  
  22  2:13  SCV  
  23  2:20  Barracks Reactor  
  23  2:25  SCV  
  23  2:38  Command Center  
  23  2:42  Factory  
  23  2:44  SCV  
  24  2:54  Orbital Command  
  24  2:57  Marine x2  
  26  2:59  SCV  
  26  3:03  Refinery  
  27  3:19  Marine x2  
  29  3:20  SCV  
  29  3:23  SCV  
  30  3:29  Widow Mine, Starport  
  32  3:39  SCV x2  
  32  3:40  Marine x2  
  36  3:51  SCV x2  
  36  3:54  Orbital Command  
  38  3:57  Widow Mine  
  38  3:59  Marine  
  41  4:03  SCV  
  41  4:07  Starport Tech Lab  
  41  4:08  Refinery  
  42  4:10  SCV  
  43  4:19  Barracks, Factory Tech Lab  
  43  4:22  SCV  
  44  4:29  SCV  
  44  4:30  SCV  
  46  4:31  Marine x2  
  46  4:32  Raven  
  50  4:39  Barracks, SCV  
  50  4:42  SCV  
  52  4:46  Siege Tank  
  52  4:49  SCV  
  52  4:51  Marine x2, SCV  
  59  4:55  SCV  
  60  5:00  Supply Depot  
  60  5:01  SCV  
  60  5:06  Refinery  
  61  5:14  SCV  
  61  5:21  SCV, Marine x2  
  61  5:24  Starport Reactor  
  64  5:30  Engineering Bay  
  64  5:31  SCV x2  
  64  5:32  Supply Depot, Factory Reactor, Engineering Bay  
  66  5:39  Marauder x2, Stimpack  
  66  5:40  Combat Shield  
  66  5:42  Marine x2  
  72  5:45  SCV x2  
  74  5:52  SCV  
  75  5:59  Supply Depot, Barracks  
  75  6:00  Barracks  
  75  6:03  Terran Infantry Weapons Level 1  
  75  6:09  Terran Infantry Armor Level 1  
  75  6:13  Medivac x2  
  75  6:15  Orbital Command  
  79  6:24  SCV x2  
  80  6:30  Marauder x2, Marine x2  
  86  6:36  SCV x2  
  86  6:37  Supply Depot  
  86  6:39  Widow Mine x2  
  92  6:43  SCV  
  93  6:52  Supply Depot  
  93  6:53  Supply Depot  
  93  6:54  Supply Depot x2  
  93  6:56  Barracks Tech Lab, Barracks Reactor  
  93  6:58  Medivac x2  
  93  6:59  SCV  
  93  7:00  Supply Depot  
  98  7:01  Marine  
  98  7:02  Marauder, Armory  
  101  7:14  Widow Mine x2, Marauder, SCV, Marine  
  101  7:15  SCV  
  110  7:22  Supply Depot x3  
  110  7:31  Medivac  
  110  7:32  Medivac  
  114  7:38  Marauder x3, Marine x4  
  114  7:39  Concussive Shells  
  114  7:44  Supply Depot  
  124  7:46  Refinery  
  124  7:47  Refinery  
  124  7:52  Supply Depot  
  124  7:53  Supply Depot x2  
  124  7:58  Marine x2  
  124  7:59  Marauder x2, Marine x2  
  124  8:00  Marauder  
  124  8:03  Ghost Academy  
  121  8:25  Marauder, Marine  
  121  8:26  Marauder x2, Viking x2, Marine  
  126  8:32  SCV x3  
  126  8:33  Starport  
  120  8:44  SCV x2  
  120  8:48  Marauder, Marine  
  119  8:49  Marauder  
  119  8:51  Marauder, Marine x3  
  125  8:56  Viking x2  
  129  9:08  Terran Infantry Armor Level 2, Terran Infantry Weapons Level 2  
  128  9:16  Marauder x3, Marine x4  
  138  9:19  Command Center  
  138  9:21  SCV x3  
  138  9:32  Viking x3  
  138  9:33  SCV  
  145  9:41  Viking  
  147  9:46  Marauder x3, Marine x4  
  147  9:50  Terran Ship Weapons Level 1  
  154  10:21  Marauder x3, Marine x4  
  158  10:22  Sensor Tower  
  158  10:26  Viking x3  
  158  10:27  Barracks  
  168  10:29  Barracks  
  168  10:30  Barracks  
  168  10:42  Marine  
  170  10:43  Marine  
  170  10:45  Ghost x2  
  170  10:47  Ghost  
  170  10:48  Marine x2  
  178  10:54  Planetary Fortress  
  178  10:57  Missile Turret  
  178  10:58  Missile Turret  
  178  11:01  SCV x3  
  181  11:05  Missile Turret  
  181  11:08  Bunker  
  181  11:11  Refinery  
  181  11:12  Refinery  
  181  11:13  SCV  
  182  11:24  Barracks Tech Lab x2  
  182  11:25  Barracks Tech Lab  
  182  11:26  Marauder x3  
  187  11:36  Marine x2  
  187  11:37  Marine x2  
  189  11:47  Marauder x2  
  189  11:48  Marauder, Sensor Tower  
  131  12:15  Orbital Command  
  113  12:18  Marine  
  113  12:19  Marauder, Marine x4  
  61  12:35  Marine  
  61  12:36  Marine x5  
  62  12:46  Orbital Command  
  62  13:04  SCV x2  
  64  13:16  SCV  
  64  13:17  Command Center, SCV  
  78  13:29  SCV x2  
  78  13:31  Marine  
Tags
 
Add a new tag
Caveats
  • Supply blocks, unpowered buildings, or Contaminate may cause inaccurate times.
  • Supply counts are checked every 10 seconds.